 Dungeon Crawl Stone Soup version 0.32-a0-411-g744942f433 (webtiles) character file.

Game seed: 3295567374873611812

459 shadowstone the Sneak (level 7, -1/52 HPs)
             Began as a Coglin Brigand on Feb 21, 2024.
             Was an Initiate of Qazlal.
             Slain by a gnoll
             ... wielding a +1 heavy spear
              (4 damage)
             ... on level 4 of the Dungeon.
             The game lasted 00:12:13 (3673 turns).

shadowstone the Sneak (Coglin Brigand)              Turns: 3673, Time: 00:12:14

Health: -1/52      AC: 13    Str: 20    XL:     7   Next: 6%
Magic:  7/7        EV: 11    Int: 10    God:    Qazlal [......]
Gold:   106        SH:  0    Dex: 21    Spells: 6/6 levels left

rFire   + . .        a - +3 dagger {Byeongho}
rCold   . . .        h - +0 demon trident (elec) {Wilfried}
rNeg    . . .        w - +1 scale mail of Hubris {Rampage ^Drain rF+ Str+6}
rPois   .            (no helmet)
rElec   .            c - +1 cloak
rCorr   .            (no gloves)
SInv    .            (no boots)
Will    .....        (no amulet)
Stlth   ++           m - +4 ring of protection
HPRegen 0.28/turn    r - +6 ring of dexterity
MPRegen 0.10/turn

%: rampage
@: immotile, revved
A: off-hand wielding, slow wielding, warmup strikes, legs shutdown
a: Renounce Religion


You were on level 4 of the Dungeon.
You worshipped Qazlal.
Qazlal was noncommittal.
You visited 2 branches of the dungeon, and saw 5 of its levels.

You collected 106 gold pieces.

Inventory:

Hand Weapons
 a - a +3 dagger (weapon) {Byeongho}
 h - a +0 demon trident of electrocution (offhand) {Wilfried}
 p - a +2 dagger of venom
 u - a +1 spectral club
 y - a +1 mace of protection
Missiles
 d - 15 poisoned darts (quivered)
 e - 3 curare-tipped darts
 f - 2 throwing nets
Armour
 b - a +0 robe
 c - a +1 cloak (worn)
 l - a +0 kite shield
 o - a +0 ring mail
 t - an orb of light
 w - the +1 scale mail of Hubris (worn) {Rampage ^Drain rF+ Str+6}
   (You found it on level 3 of the Dungeon)

   Str+6:     It affects your strength (+6).
   rF+:       It protects you from fire.
   ^Drain:    It drains your maximum health when unequipped.
   Rampage:   It bestows one free step when moving towards enemies.
Jewellery
 m - a +4 ring of protection (left grasper)
 r - a +6 ring of dexterity (right grasper)
 x - a ring of poison resistance
Wands
 i - a wand of flame (31)
Scrolls
 j - 6 scrolls of immolation
 v - a scroll of identify
Potions
 g - 3 potions of attraction
 k - a potion of lignification {unknown}
 n - 3 potions of curing {unknown}
 q - a potion of mutation {unknown}
 s - a potion of cancellation {unknown}


   Skills:
 + Level 3.0 Fighting
 + Level 2.8 Short Blades
 + Level 2.6 Polearms
 + Level 2.2 Throwing
 + Level 1.3 Armour
 + Level 2.3 Dodging
 + Level 4.8 Stealth


You had 6 spell levels left.
You didn't know any spells.
Your spell library contained the following spells:

 Spells                   Type           Power      Damage    Failure   Level
 Slow                     Hex            0%         N/A       73%         1
 Summon Small Mammal      Summ           0%         N/A       73%         1
 Blink                    Tloc           0%         N/A       86%         2
 Lesser Beckoning         Tloc           0%         N/A       86%         2
 Momentum Strike          Conj/Tloc      0%         3d8       86%         2
 Call Canine Familiar     Summ           0%         N/A       97%         3
 Confusing Touch          Hex            0%         N/A       97%         3
 Sigil of Binding         Hex            0%         N/A       97%         3
 Vampiric Draining        Necr           0%         2d6       97%         3
 Summon Blazeheart Golem  Fire/Summ      0%         N/A       100%        4


Dungeon Overview and Level Annotations

Branches:
Dungeon (4/15)             Temple (1/1) D:4

Altars:
Ashenzari
Cheibriados
Fedhas
Kikubaaqudgha
Makhleb
Qazlal
Trog
Uskayaw
Wu Jian
Xom
Zin

Shops:
D:4 *


Innate Abilities, Weirdness & Mutations

You can wield a second weapon in your off-hand.
It takes a long time for you to wield or remove held weapons.
Your first few attacks do less damage.
Attacking and casting redirects power from your legs.


Message History

You hear a shout!
The jackal misses you.
The gnoll hits you from afar with a +0 spear.
* * * LOW HITPOINT WARNING * * *
The gnoll closely misses you.
The jackal bites you but does no damage.
You barely miss the jackal with your +3 dagger.
You puncture the jackal with your +0 demon trident of electrocution!
You kill the jackal!
Qazlal accepts your kill. The gnoll hits you but does no damage.
Unknown command.
You cannot move.
You cannot move.
You swing at nothing.
You are no longer unable to travel.
The gnoll hits you from afar with a +1 heavy spear.
* * * LOW HITPOINT WARNING * * *
The gnoll hits you but does no damage.
An orc comes into view. It is wielding a +0 dagger.
You hit the orc with your +0 demon trident of electrocution.
The orc is almost dead.
You barely miss the orc with your +3 dagger.
The gnoll hits you from afar with a +0 spear.
* * * LOW HITPOINT WARNING * * *
The orc hits you but does no damage. The gnoll barely misses you.
You barely miss the orc with your +3 dagger.
The orc is almost dead.
You hit the orc with your +0 demon trident of electrocution.
Lightning courses through the orc!!
You kill the orc!
Qazlal accepts your kill.
The gnoll hits you from afar with a +0 spear.
* * * LOW HITPOINT WARNING * * *
You closely miss the orc with your +3 dagger.
You hit the orc but do no damage.
The kobold hits you with a +0 short sword.
* * * LOW HITPOINT WARNING * * *
The gnoll hits you from afar with a +1 heavy spear.
You die...

......# .# ......
#...##..#....... ....#
....?%.......... ....#
#.. ..#.....o.. ....#
#.# #.#........ .##.#
###.# #.........# ....#
#...## #....o.....
....###....###.gKo.....#
........._.†....@†g....#
.....###....###..)...?##
.....# ##...# #.g.....#
.....# #.### #........#
#....# #.# #....##..#
#..... ..# ####.# ##
...##.....# ## ..##
...... ## ......


You could see 2 gnolls, 3 orcs, a goblin and a kobold.

Vanquished Creatures
  A jelly (D:3)
  3 orc priests (D:4)
  2 iguanas (D:4)
  Jessica (D:3)
  An orc wizard (D:4)
  5 adders
  A gnoll (D:4)
  6 dart slugs
  11 orcs (D:4)
  8 ball pythons
  6 bats
  8 endoplasms
  5 giant cockroaches
  6 goblins
  5 hobgoblins
  7 jackals
  4 kobolds
  6 quokkas
  5 frilled lizards
  4 rats
95 creatures vanquished.

Vanquished Creatures (others)
  A jackal (D:1)
1 creature vanquished.

Grand Total: 96 creatures vanquished

Notes
Turn   | Place    | Note
-------+----------+-------------------------------------------
     0 | D:1      | shadowstone the Coglin Brigand began the quest for the Orb.
     0 | D:1      | Reached XP level 1. HP: 16/16 MP: 1/1
    60 | D:1      | Reached XP level 2. HP: 22/22 MP: 2/2
   262 | D:1      | Reached XP level 3. HP: 27/27 MP: 3/3
   506 | D:1      | Reached skill level 4 in Stealth
   602 | D:1      | Reached skill level 1 in Dodging
  1032 | D:1      | Reached XP level 4. HP: 29/33 MP: 4/4
  1097 | D:1      | You fall into a shaft and drop 1 floor!
  1200 | D:2      | Identified a scroll of acquirement
  1200 | D:2      | Acquired a +0 demon trident of electrocution
  1484 | D:2      | Reached XP level 5. HP: 39/39 MP: 5/5
  2045 | D:3      | Noticed Jessica
  2054 | D:3      | Killed Jessica
  2338 | D:3      | Identified the +1 scale mail of Hubris {Rampage ^Drain rF+
                  | Str+6}
  2987 | D:3      | Reached skill level 1 in Polearms
  3252 | D:4      | Found a staircase to the Ecumenical Temple.
  3266 | Temple   | Entered the Ecumenical Temple
  3279 | Temple   | Became a worshipper of Qazlal Stormbringer
  3299 | D:4      | Found Uviush's General Store.
  3317 | D:4      | Reached XP level 6. HP: 46/46 MP: 6/6
  3339 | D:4      | Reached skill level 1 in Armour
  3620 | D:4      | Found a hide-covered altar of Uskayaw.
  3665 | D:4      | Reached XP level 7. HP: 13/52 MP: 7/7
  3673 | D:4      | Slain by a gnoll

Illustrated notes

Levels and vault maps discovered:
D:1:      matt_arrival_debris, layout_rooms
D:2:      layout_loops_ring
D:3:      layout_loops_cross, uniq_jessica
D:4:      layout_cave_pools, nicolae_overflow_crystal_walls,
          minmay_temple_entry_glass, serial_shops, shop
Temple:   hellmonk_temple_rainy

Skill      XL: |  1  2  3  4  5  6 |
---------------+-------------------+-----
Throwing       | 2 |  2.2
Short Blades   | 2 |  2.8
Stealth        | 4 |  4.8
Dodging        | 1 2 |  2.3
Polearms       | 1 2 |  2.6
Armour         | 1 |  1.3
Fighting       | 3 |  3.0

Action                     |  1- 3 |  4- 6 |  7- 9 || total
---------------------------+-------+-------+-------++-------
  Melee: Dagger            |    98 |   103 |     6 ||   207
         Demon trident     |       |    92 |     8 ||   100
    Use: Scroll            |       |     8 |       ||     8
   Stab: Sleeping          |     2 |     8 |       ||    10
 Armour: Robe              |    87 |    16 |       ||   103
         Ring mail         |       |    21 |       ||    21
         Scale mail        |       |    72 |    16 ||    88
  Dodge: Dodged            |    86 |    87 |     8 ||   181

Table legend: (Time is in decaauts)
 A = Elapsed time spent in this place.
 B = Non-inter-level travel time spent in this place.
 C = Inter-level travel time spent in this place.
 D = Time resting spent in this place.
 E = Time spent auto-exploring this place.
 F = Levels seen in this place.
 G = Mean time per level.
                   A        B        C        D        E       F      G
               +--------+--------+--------+--------+--------+-----+--------+
         Total |   3664 |   3647 |     17 |   1408 |    874 |   5 |  732.8 |
       Dungeon |   3643 |   3626 |     17 |   1408 |    874 |   4 |  910.8 |
        Temple |     21 |     21 |      0 |      0 |      0 |   1 |   21.0 |
               +--------+--------+--------+--------+--------+-----+--------+

Top non-repeatable levels by time:
     D:3: 1398 daAuts
     D:1: 1084 daAuts
     D:2: 717 daAuts
     D:4: 442 daAuts
  Temple: 21 daAuts
